 Dungeon Crawl Stone Soup version 0.29.1-1-gd02db6906a (webtiles) character file.

Game seed: 7400991605563387115

2 funnyparkerb the Cudgeller (level 1, 0/19 HPs)
             Began as a Minotaur Berserker on Sept 24, 2022.
             Was a Follower of Trog.
             Slain by a quokka (1 damage)
             ... on level 1 of the Dungeon.
             The game lasted 00:00:47 (76 turns).

funnyparkerb the Cudgeller (Minotaur Berserker)       Turns: 76, Time: 00:00:47

Health: 0/19       AC:  2    Str: 21    XL:     1   Next: 33%
Magic:  0/0        EV: 12    Int:  4    God:    Trog [*.....]
Gold:   27         SH:  0    Dex:  9    Spells: 0/0 levels left

rFire   . . .      SeeInvis .   a - +0 mace
rCold   . . .      Faith    .   (no shield)
rNeg    . . .      Spirit   .   b - +0 animal skin
rPois   .          Reflect  .   (helmet restricted)
rElec   .          Harm     .   (no cloak)
rCorr   .          Rampage  .   (no gloves)
Will    .....                   (no boots)
Stlth   +.........              (no amulet)
HPRegen 0.06/turn               (no ring)
MPRegen 0.07/turn               (no ring)

@: lethally poisoned (0 -> -15)
A: horns 2, retaliatory headbutt
a: Renounce Religion, Berserk


You were on level 1 of the Dungeon.
You worshipped Trog.
Trog was aware of your devotion.
You visited 1 branch of the dungeon, and saw 1 of its levels.

You collected 27 gold pieces.

Inventory:

Hand Weapons
 a - a +0 mace (weapon)
Armour
 b - a +0 animal skin (worn)
Potions
 c - a potion of degeneration {unknown}


   Skills:
 - Level 3.6 Fighting
 + Level 3.9 Maces & Flails
 - Level 2.4 Armour
 - Level 2.1 Dodging


You couldn't memorise any spells.
You didn't know any spells.
Your spell library was empty.

Dungeon Overview and Level Annotations

Branches:
Dungeon (1/15)

Altars:


Innate Abilities, Weirdness & Mutations

You have a pair of horns on your head.
You reflexively headbutt those who attack you in melee.


Message History

The ball python completely misses you. The ball python closely misses you.
You hit the ball python. You headbutt the ball python.
You kill the ball python!
Trog accepts your kill.
No target in view!
You now have 27 gold pieces (gained 14). 2 goblins, a quokka and a bat come into view.
A goblin is wielding a +1 dagger of venom.
The goblin shouts!
You hear a shout!
The quokka moves out of view.
There are monsters nearby!
Found 8 gold pieces.
The bat hits you but does no damage.
A kobold comes into view. It is wielding a +0 club.
The bat hits you but does no damage. The bat closely misses you.
The bat barely misses you.
You barely miss the bat.
The kobold shouts!
The bat hits you but does no damage.
You closely miss the goblin. The bat closely misses you.
The goblin hits you with a +1 dagger of venom.
You are poisoned.
The bat hits you but does no damage.
You closely miss the bat.
You feel very sick. The bat misses you. The quokka bites you.
The goblin hits you with a +1 dagger of venom.
You are more poisoned.
The quokka closely misses you.
You are too injured to fight recklessly!
You thump the bat!
You kill the bat!
Trog accepts your kill.
* * * LOW HITPOINT WARNING * * *
You feel very sick.
The goblin hits you with a +1 dagger of venom.
* * * LOW HITPOINT WARNING * * *
The goblin hits you with a +0 dagger.
* * * LOW HITPOINT WARNING * * *
The quokka bites you.
You die...

######### #........
#........
#########........
........#......$.
........#........
.........#gg......
..........#@rK.....
....................
...........#########
...................
...........########
#.................
#.................
#.................
..........†.######


You could see a quokka, 2 goblins and a kobold.

Vanquished Creatures
  A giant cockroach (D:1)
  A ball python (D:1)
  A bat (D:1)
  A rat (D:1)
4 creatures vanquished.

Notes
Turn   | Place    | Note
-------+----------+-------------------------------------------
     0 | D:1      | funnyparkerb the Minotaur Berserker began the quest for the
                  | Orb.
     0 | D:1      | Reached XP level 1. HP: 19/19 MP: 0/0
    76 | D:1      | Slain by a quokka

Illustrated notes

Levels and vault maps discovered:
D:1:      minmay_arrival_five_plusses, layout_basic,
          hellmonk_ecumenical_altar_arch_garden

Action                   || total
-------------------------++-------
Melee: Mace              ||     9
       Headbutt          ||     1
Armor: Animal skin       ||     4
Dodge: Dodged            ||     9
